 Dungeon Crawl Stone Soup version 0.21.0-3-g78d12a8 (webtiles) character file.

62 grindst0ne the Skirmisher (level 3, 0/32 HPs)
             Began as a Demonspawn Chaos Knight on Jan 12, 2018.
             Succumbed to an adder's poison
             ... on level 2 of the Dungeon.
             The game lasted 00:01:45 (955 turns).

grindst0ne the Skirmisher (Demonspawn Chaos Knight)  Turns: 955, Time: 00:01:46

Health: 0/32       AC:  6    Str: 13    XL:     3   Next: 85%
Magic:  3/3        EV: 11    Int: 13    God:    Xom [...*..]
Gold:   39         SH:  0    Dex: 12    Spells: 2/2 levels left

rFire    x . .     SeeInvis .   e - +1 short sword (venom)
rCold    + . .     Gourm    .   (no shield)
rNeg     . . .     Faith    .   b - +2 leather armour
rPois    .         Spirit   .   (no helmet)
rElec    .         Reflect  .   (no cloak)
rCorr    .         Harm     .   f - +0 pair of gloves
MR       .....                  (no boots)
Stlth    +.........             (no amulet)
HPRegen  0.10/turn              m - ring of ice
MPRegen  0.08/turn              (no ring)

@: lethally poisoned (0 -> -7), flying
A: claws 2
a: Renounce Religion


You were on level 2 of the Dungeon.
You worshipped Xom.
You were a favourite toy of Xom.
You were not hungry.

You visited 1 branch of the dungeon, and saw 2 of its levels.

You collected 39 gold pieces.

Inventory:

Hand Weapons
 a - a +0 hand axe of chaos
 e - a +1 short sword of venom (weapon)
Armour
 b - a +2 leather armour (worn)
 f - a +0 pair of gloves (worn)
Jewellery
 m - a ring of ice (left hand)
Scrolls
 g - a scroll of immolation {unknown}
 h - 2 scrolls of remove curse {unknown}
 i - a scroll of blinking {unknown}
 j - a scroll of identify {unknown}
 l - a scroll of teleportation {unknown}
Comestibles
 c - 4 rations
 d - 3 chunks of flesh


   Skills:
 + Level 4.8 Fighting
 - Level 2.6 Axes
 - Level 1.7 Armour
 - Level 0.8 Dodging


You had 2 spell levels left.
You didn't know any spells.

Dungeon Overview and Level Annotations

Branches:
Dungeon (2/15)

Altars:
Hepliaklqana


Innate Abilities, Weirdness & Mutations

You have very sharp fingernails.


Message History

The adder bites you but does no damage.
You aren't carrying any potions.
You hit the adder.
The adder is poisoned.
The adder is moderately wounded.
* * * LOW HITPOINT WARNING * * *
You feel sick. The kobold hits you but does no damage. The goblin misses you.
The adder bites you but does no damage.
You barely miss the adder.
The adder is severely wounded.
* * * LOW HITPOINT WARNING * * *
You feel sick. The adder misses you. The kobold hits you with a dagger.
* * * LOW HITPOINT WARNING * * *
The goblin misses you.
You hit the adder.
You kill the adder!
* * * LOW HITPOINT WARNING * * *
You feel sick. The kobold barely misses you.
The goblin hits you but does no damage.
You die...
Xom snickers!

#... #..# #..
###..## ## ..%..#
.. #######.#.#.##
.# #............#
.# ###.####..###.#
##.g@K.##..)...#
#.......#.##..##
#.......#)##>.#
#....._.....##..###
#.#.......#.##....#
#.#......$#..#.##.#
# ##.....##..#..#.#
###.####...#.#.#
... .....#...#


You could see a goblin and a kobold.

Vanquished Creatures
  2 adders (D:2)
  2 oozes (D:2)
  2 dart slugs (D:1)
  2 leopard geckos (D:1)
  4 goblins (D:1)
  4 hobgoblins
  5 kobolds (D:1)
  5 bats
  7 rats
33 creatures vanquished.

Notes
Turn   | Place    | Note
-------+----------+-------------------------------------------
     0 | D:1      | grindst0ne the Demonspawn Chaos Knight began the quest for the Orb.
     0 | D:1      | Reached XP level 1. HP: 18/18 MP: 1/1
    25 | D:1      | XOM: harmless Summ miscast
   181 | D:1      | Gained mutation: You have sharp fingernails. [demonic ancestry]
   181 | D:1      | Reached XP level 2. HP: 24/24 MP: 2/2
   302 | D:1      | Reached skill level 4 in Fighting
   328 | D:1      | XOM: harmless Tloc miscast
   549 | D:1      | XOM: divination: detect creatures
   741 | D:1      | Gained mutation: You have very sharp fingernails. [demonic ancestry]
   741 | D:1      | Reached XP level 3. HP: 30/30 MP: 3/3
   925 | D:2      | XOM: harmless Erth miscast
   930 | D:2      | Found a hazy altar of Hepliaklqana.
   954 | D:2      | HP: 1/32 [poisoned by an adder]
   955 | D:2      | Succumbed to an adder's poison

Skill      XL: |  1  2 |
---------------+-------+-----
Fighting       | 4 |  4.8
Axes           | |  2.6
Armour         | |  1.7
Dodging        | |  0.8

Action                   || total
-------------------------++-------
Melee: Hand axe          ||    35
       Short sword       ||    53
  Use: Potion            ||     4
 Stab: Paralysed         ||     1
Armor: Leather armour    ||    39
Dodge: Dodged            ||    53
